 Dungeon Crawl Stone Soup version 0.31-a0-214-gb37851d (webtiles) character file.

Game seed: 11929512840655192878

123 lyrin the Shooter (level 4, -3/25 HPs)
             Began as a Deep Elf Hexslinger on July 1, 2023.
             Engulfed by a cloud of flame (10 damage)
             ... on level 3 of the Dungeon.
             The game lasted 00:03:59 (1858 turns).

lyrin the Shooter (Deep Elf Hexslinger)             Turns: 1858, Time: 00:03:59

Health: -3/25      AC:  7    Str:  5    XL:     4   Next: 79%
Magic:  8/8        EV: 13    Int: 24    God:
Gold:   198        SH:  0    Dex: 19    Spells: 2/6 levels left

rFire   . . .        a - +1 sling
rCold   . . .        (no shield)
rNeg    . . .        c - +0 robe
rPois   .            (no helmet)
rElec   .            (no cloak)
rCorr   .            (no gloves)
SInv    .            j - +0 pair of boots
Will    .....        (no amulet)
Stlth   ++           f - +4 ring of protection
HPRegen 0.24/turn    l - +6 ring of intelligence
MPRegen 0.11/turn

%: no passive effects
@: no status effects
A: no striking features
a: no special abilities


You were on level 3 of the Dungeon.
You visited 1 branch of the dungeon, and saw 3 of its levels.

You collected 198 gold pieces.

Inventory:

Hand Weapons
 a - a +1 sling (weapon)
 i - a +1 dagger of draining
Missiles
 h - 16 poisoned darts
Armour
 c - a +0 robe (worn)
 j - a +0 pair of boots (worn)
Jewellery
 f - a +4 ring of protection (left hand)
 l - a +6 ring of intelligence (right hand)
Scrolls
 b - a scroll of poison
 d - 2 scrolls of teleportation {unknown}
 g - 4 scrolls of identify {unknown}
 k - a scroll of immolation {unknown}
Potions
 e - a potion of degeneration {unknown}
 m - a potion of curing {unknown}


   Skills:
 + Level 1.3 Fighting
 + Level 6.0 Ranged Weapons
 + Level 3.0 Dodging
 * Level 1.6 Spellcasting
 - Level 4.0 Hexes


You had 2 spell levels left.
You knew the following spells:

 Your Spells              Type           Power      Damage    Failure   Level
a - Slow                  Hex            84%        N/A       2%          1
b - Inner Flame           Hex/Fire       11%        N/A       17%         3

Your spell library contained the following spells:

 Spells                   Type           Power      Damage    Failure   Level
 Sandblast                Erth           2%         2d4       13%         1
 Cigotuvi's Dreadful Rot  Necr/Pois/Air  2%         N/A       19%         2
 Passwall                 Tmut/Erth      0%         N/A       19%         2
 Portal Projectile        Hex/Tloc       22%        N/A       17%         3
 Cause Fear               Hex            10%        N/A       24%         4
 Ignite Poison            Fire/Tmut/Pois 1%         N/A       36%         3
 Stone Arrow              Conj/Erth      2%         3d7       36%         3
 Freezing Cloud           Conj/Ice/Air   0%         6-21      98%         5


Dungeon Overview and Level Annotations

Branches:
Dungeon (3/15)

Altars:
Uskayaw
Vehumet

Shops:
D:3 [


Message History

No target in view!
A rat comes into view.
Found 8 gold pieces.
You feel sick.
You see here a rat corpse.
You shoot a sling bullet. The sling bullet hits the rat.
You kill the rat!
You feel sick.
No target in view!
No target in view!
No target in view!
No target in view!
You feel sick.
You are no longer poisoned.
Key pressed, stopping explore.
HP restored.
h - 10 poisoned darts (gained 8)
You see here a +0 dagger.
You now have 198 gold pieces (gained 8).
A frilled lizard comes into view.
You shoot a sling bullet.
The sling bullet hits the frilled lizard.
You kill the frilled lizard!
No target in view!
No target in view!
No target in view!
g - 4 scrolls labelled XEADUC JAWKOIG (gained 1)
Found a radiant altar of Vehumet.
No target in view!
No target in view!
No target in view!
Found a stone staircase leading down.
h - 16 poisoned darts (gained 6) Really walk into a travel-excluded area?
You are engulfed in blazing flames.
Ouch! That really hurt!
* * * LOW HITPOINT WARNING * * *
You see here a viscous green potion.
m - a viscous green potion You are engulfed in blazing flames.
You die...

.........# ## .........#
.. .........##.#
............#
.######.#..########## .
+.#..# #...☼☼.# .
#....###....☼.###.
#.#........§......
#...####..@.○.#
.######.##........○.#
...........###......>...
..###..........######..#
############ ##


There were no monsters in sight!

Vanquished Creatures
  Jessica (D:2)
  2 adders (D:2)
  3 dart slugs
  3 ball pythons
  A bat (D:1)
  13 endoplasms
  2 giant cockroaches (D:1)
  3 goblins
  4 hobgoblins
  6 jackals
  4 kobolds
  6 quokkas
  3 frilled lizards
  14 rats
65 creatures vanquished.

Notes
Turn   | Place    | Note
-------+----------+-------------------------------------------
     0 | D:1      | lyrin the Deep Elf Hexslinger began the quest for the Orb.
     0 | D:1      | Reached XP level 1. HP: 11/11 MP: 5/5
    19 | D:1      | Reached skill level 3 in Ranged Weapons
   103 | D:1      | Reached XP level 2. HP: 16/16 MP: 6/6
   259 | D:1      | Reached skill level 4 in Ranged Weapons
   379 | D:1      | Reached XP level 3. HP: 20/20 MP: 7/7
   459 | D:1      | Reached skill level 1 in Fighting
   812 | D:2      | Noticed Jessica
   820 | D:2      | Killed Jessica
   821 | D:2      | Reached skill level 5 in Ranged Weapons
   915 | D:2      | Reached XP level 4. HP: 25/25 MP: 8/8
  1699 | D:3      | Found Irghel's Armour Boutique.
  1716 | D:3      | Reached skill level 6 in Ranged Weapons
  1739 | D:3      | Learned a level 3 spell: Inner Flame
  1751 | D:3      | Found a hide-covered altar of Uskayaw.
  1850 | D:3      | Found a radiant altar of Vehumet.
  1858 | D:3      | Engulfed by a cloud of flame

Illustrated notes

Levels and vault maps discovered:
D:1:      giann_forest_graveyard, layout_basic, minmay_rat_gold_closets
D:2:      layout_basic, st_stairs_1, uniq_jessica
D:3:      layout_rooms, nicolae_uskayaw_murder_on_the_dancefloor,
          xom_butterflies, general_overflow_altar, fiery_altar_vehumet,
          serial_shops, shop, uniq_natasha

Skill      XL: |  1  2  3  4 |
---------------+-------------+-----
Ranged Weapons | 3 4 5 6 |  6.0
Dodging        | 3 |  3.0
Fighting       | 1 |  1.3
Spellcasting   | |  1.6
Hexes          | |  4.0

Action                     |  1- 3 |  4- 6 || total
---------------------------+-------+-------++-------
   Fire: Sling             |    85 |    85 ||   170
 Armour: Robe              |     5 |    14 ||    19
  Dodge: Dodged            |    18 |    28 ||    46

Table legend: (Time is in decaauts)
 A = Elapsed time spent in this place.
 B = Non-inter-level travel time spent in this place.
 C = Inter-level travel time spent in this place.
 D = Time resting spent in this place.
 E = Time spent auto-exploring this place.
 F = Levels seen in this place.
 G = Mean time per level.
                   A        B        C        D        E       F      G
               +--------+--------+--------+--------+--------+-----+--------+
         Total |   1885 |   1818 |     67 |    117 |   1375 |   3 |  628.3 |
       Dungeon |   1885 |   1818 |     67 |    117 |   1375 |   3 |  628.3 |
               +--------+--------+--------+--------+--------+-----+--------+

Top non-repeatable levels by time:
     D:2: 914 daAuts
     D:1: 813 daAuts
     D:3: 157 daAuts
